 Dungeon Crawl Stone Soup version 0.16.2-12-gd0ad4c3 (webtiles) character file.

126 GammafunkIsRetarded the Magician (level 4, 2/27 HPs)
             Began as a High Elf Ice Elementalist on June 8, 2018.
             Quit the game on level 6 of the Dungeon.
             The game lasted 00:08:06 (621 turns).

GammafunkIsRetarded the Magician (HEIE)              Turns: 621, Time: 00:08:06

Health: 2/27       AC:  4    Str:  6    XL:     4   Next: 83%
Magic:  13/16      EV: 12    Int: 19    God:
Gold:   140        SH:  2    Dex: 15    Spells: 2 memorised, 8 levels left

rFire  . . .     SeeInvis .     a - +1 glaive
rCold  . . .     Clarity  .     k - +0 robe
rNeg   . . .     SustAb   .     (no shield)
rPois  .         Gourm    .     (no helmet)
rElec  .         Spirit   .     (no cloak)
rCorr  .         Warding  .     (no gloves)
rMut   .         Stasis   .     (no boots)
MR     +....                    (no amulet)
Stlth  ++........               (no ring)
                                (no ring)

@: lethally poisoned (2 -> -8), very slightly contaminated, somewhat resistant
to hostile enchantments, unstealthy
A: large bone plates 1, magic resistance 1, weak 1
a: no special abilities


You were on level 6 of the Dungeon.
You were not hungry.

You visited 1 branch of the dungeon, and saw 6 of its levels.

You collected 140 gold pieces.

Inventory:

Hand weapons
 a - a +1 glaive (weapon)
 e - a +0 dagger
Armour
 k - a +0 robe (worn)
Magical devices
 o - a wand of magic darts (46)
Books
 b - a book of Frost

   Spells                             Type                      Level
   a - Freeze                         Ice                          1
   b - Throw Frost                    Conjuration/Ice              2
   c - Ozocubu's Armour               Charms/Ice                   3
   d - Throw Icicle                   Conjuration/Ice              4
   e - Summon Ice Beast               Ice/Summoning                4
   f - Condensation Shield            Ice                          4
Comestibles
 c - a bread ration
 d - a meat ration
 f - a beef jerky
 l - 4 fruits


   Skills:
 - Level 2.1 Dodging
 - Level 2.1 Stealth
 - Level 5.3 Spellcasting
   Level 1.1 Conjurations
 + Level 1.0 Summonings
 + Level 3.2 Ice Magic
 + Level 0.2 Evocations


You had 8 spell levels left.
You knew the following spells:

 Your Spells              Type           Power        Failure   Level  Hunger
a - Freeze                Ice            ###.         3%          1    None
B - Summon Ice Beast      Ice/Summ       ##......     63%         4    ####...


Dungeon Overview and Level Annotations

Branches:
Dungeon (6/15)
 Temple: D:4-7

Altars:
Dithmenos
Qazlal
Vehumet


Innate Abilities, Weirdness & Mutations

You are partially covered in large bone plates (AC +2, SH +2).
You are resistant to hostile enchantments.
You are weak. (Str -2)


Message History

That liquid tasted very nasty...
You are lethally poisoned!
* * * LOW HITPOINT WARNING * * *
You feel sick.
Unknown command.
Drink which item? (? for menu, Esc to quit)
It was a potion of mutation.
You feel extremely strange.
You feel weaker.
Large bone plates grow over parts of your arms.
You feel resistant to hostile enchantments.
* * * LOW HITPOINT WARNING * * *
You feel sick. The orc misses you.
Unknown command.
Read which item? (? for menu, Esc to quit)
Okay, then.
Unknown command.
Unknown command.
Unknown command.
Unknown command.
Are you sure you want to abandon this character and quit the game? (Confirm with "yes".)

#.#..##.....########..#
#.#..##.....########..# #
#.#..##....(..........#
#.##.#..##...(.########.##
#...oo.........# #.#
####.######.#### #.#
#.######.## #.#
#.(o.##..o## #.######
####.#.#.#@# #.......
#.....##.# ###########.
#...### ## #...........
#..#.# #.##########
#..##.# #.# #..# ## #.#
#..# ##.## ....
#####...######### ##..#
#.................


You could see an orc.

Vanquished Creatures
  A giant frog zombie (D:5)
  A crimson imp (D:5)
  An iguana (D:6)
  A worm (D:3)
  An adder skeleton (D:5)
  An orc (D:6)
  2 ball pythons
  6 bats
  3 giant cockroaches
  2 goblins
  5 hobgoblins
  A quokka (D:6)
  A giant newt (D:4)
  A kobold (D:2)
  A rat (D:1)
28 creatures vanquished.

Notes
Turn   | Place    | Note
--------------------------------------------------------------
     0 | D:1      | GammafunkIsRetarded, the High Elf Ice Elementalist, began the quest for the Orb.
     0 | D:1      | Reached XP level 1. HP: 11/11 MP: 4/4
   106 | D:2      | Reached XP level 2. HP: 10/17 MP: 1/7
   279 | D:5      | Entered Level 5 of the Dungeon
   296 | D:5      | Found a stormy altar of Qazlal.
   318 | D:5      | Reached skill level 4 in Spellcasting
   318 | D:5      | Reached XP level 3. HP: 8/21 MP: 4/12
   332 | D:5      | Found a shadowy altar of Dithmenos.
   363 | D:4      | Noticed an ogre
   403 | D:5      | Noticed an ogre
   405 | D:5      | Noticed a wyvern
   458 | D:5      | Reached skill level 5 in Spellcasting
   458 | D:5      | Reached XP level 4. HP: 24/27 MP: 14/16
   466 | D:5      | Learned a level 4 spell: Summon Ice Beast
   479 | D:6      | Found a radiant altar of Vehumet.
   488 | D:6      | Reached skill level 1 in Summonings
   620 | D:6      | Gained mutation: You are weak. (Str -2) [potion of mutation]
   620 | D:6      | Gained mutation: You are partially covered in large bone plates (AC +2, SH +2). [potion of mutation]
   620 | D:6      | Gained mutation: You are resistant to hostile enchantments. [potion of mutation]
   621 | D:6      | Quit the game

Action                   |  1- 3 |  4- 6 || total
-------------------------+-------+-------++-------
Melee: Unarmed           |    10 |       ||    10
       Dagger            |    24 |       ||    24
       Glaive            |     7 |     4 ||    11
 Cast: Freeze            |    30 |    12 ||    42
  Use: Potion            |     1 |     2 ||     3
       Scroll            |       |     4 ||     4
